AoeStats
← LmScar12

Arabia

510427445Analyzed
1v1 RM · 11h ago on Oct 1, 2026· 43m 21s· 2 players
Game mode
Random Map
Map size
Tiny (2 player)
Population
200
Speed
Normal
Resources
Standard
Victory
Conquest
Starting age
Dark Age
Ending age
Imperial Age
RankedLock teamsTeams togetherTeam positionsShared explorationLock speedFull tech treeHidden civsTurbo modeCheats
Victory
Defeat
🇨🇳 Britons · China
1683
+14
🇺🇸 Tupi · United States
1630
-14
LmScar12
6:26 Loom
9:12 Feudal Age
9:20 Champi Runner
9:47 Double-Bit Axe
9:50 Horse Collar
15:23 Scale Mail Armor
15:58 Arson
22:57 Castle Age
22:17 Forging
22:27 Gold Mining
24:02 Chain Mail Armor
23:51 Squires
23:20 Champi Warrior
25:01 Bow Saw
26:03 Iron Casting
28:26 Heavy Plow
33:40 Town Watch
35:14 Wheelbarrow
39:44 Imperial Age
38:00 Fletching
39:53 Bodkin Arrow
39:57 Elite Champi Warrior
40:08 Capped Ram
41:34 Plate Mail Armor
42:26 Conscription
43:28 Murder Holes
曾瑞瘦龙
5:33 Loom
8:58 Feudal Age
9:40 Double-Bit Axe
13:08 Fletching
20:10 Castle Age
18:44 Padded Archer Armor
20:24 Scale Barding Armor
20:12 Gold Mining
20:53 Bodkin Arrow
20:59 Crossbowman
24:18 Chain Barding Armor
25:37 Horse Collar
28:05 Heavy Plow
28:19 Bow Saw
30:24 Forging
31:39 Town Watch
32:18 Ballistics
35:44 Wheelbarrow
36:16 Gold Shaft Mining
38:45 Imperial Age
36:43 Light Cavalry
37:51 Leather Archer Armor
39:05 Hand Cart
39:34 Bracer
39:47 Stone Mining
41:00 Chemistry
41:09 Conscription
40:31 Cavalier
42:35 Plate Barding Armor
43:42 Husbandry
Connection lost

Rejoining the realm…

Still unreachable

The connection could not be restored.

Session expired

The server has moved on; the page needs a fresh start.